 Dungeon Crawl Stone Soup version 0.18-a0-270-ga9d907f (webtiles) character file.

114 cluie the Digger (level 4, 0/33 HPs)
             Began as a Demonspawn Earth Elementalist on Nov 26, 2015.
             Slain by Grinder (2 damage)
             ... while paralysed by Grinder
             ... on level 2 of the Dungeon.
             The game lasted 00:05:08 (1963 turns).

cluie the Digger (Demonspawn Earth Elementalist)    Turns: 1963, Time: 00:05:08

Health: 0/33       AC:  3    Str:  9    XL:     4   Next: 66%
Magic:  2/8        EV:  2    Int: 17    God:
Gold:   124        SH:  0    Dex: 13    Spells: 3 memorised, 2 levels left

rFire  . . .     SeeInvis .     b - 130 stones
rCold  . . .     Clarity  .     n - +0 robe
rNeg   . . .     SustAt   .     (no shield)
rPois  .         Gourm    .     (helmet restricted)
rElec  .         Spirit   .     (no cloak)
rCorr  .         Warding  .     (no gloves)
rMut   .         Stasis   .     q - +0 pair of boots
MR     .....                    (no amulet)
Stlth  ++........               (no ring)
                                (no ring)

@: paralysed, not resistant to hostile enchantments, unstealthy
A: antennae 1, powered by death 2
a: no special abilities


You were on level 2 of the Dungeon.
You were not hungry.

You visited 1 branch of the dungeon, and saw 3 of its levels.

You collected 124 gold pieces.

Inventory:

Hand Weapons
 a - a +0 long sword
Missiles
 b - 130 stones (in hand)
Armour
 n - a +0 robe (worn)
 q - a +0 pair of boots (worn)
Scrolls
 e - 4 scrolls of remove curse {unknown}
 f - a scroll of recharging {unknown}
 g - a scroll of enchant armour {unknown}
 i - 2 scrolls of fear {unknown}
 l - a scroll of enchant weapon {unknown}
 m - a scroll of amnesia {unknown}
 o - 2 scrolls of identify {unknown}
Potions
 h - 2 potions of heal wounds {unknown}
 j - a potion of might {unknown}
 k - a potion of agility {unknown}
 s - 2 potions of cancellation {unknown}
 u - a potion of degeneration {unknown}
Books
 c - a book of Geomancy

   Spells                             Type                      Level
   a - Sandblast                      Earth                        1
   b - Stoneskin                      Transmutation/Earth          2
   c - Passwall                       Transmutation/Earth          3
   d - Stone Arrow                    Conjuration/Earth            3
   e - Petrify                        Transmutation/Earth          4
   f - Lee's Rapid Deconstruction     Earth                        5
Comestibles
 d - 2 bread rations
 p - a slice of pizza
 r - a meat ration
 t - 2 chunks of flesh


   Skills:
 + Level 1.9 Fighting
 - Level 2.3 Dodging
 - Level 1.7 Stealth
 + Level 2.7 Spellcasting
 + Level 1.0 Conjurations
 - Level 0.8 Transmutations
 * Level 3.5 Earth Magic


You had 2 spell levels left.
You knew the following spells:

 Your Spells              Type           Power        Failure   Level  Hunger
a - Sandblast             Erth           ##....       4%          1    #......
b - Stone Arrow           Conj/Erth      ##....       24%         3    ###....
c - Stoneskin             Trmt/Erth      #.......     14%         2    ##.....


Dungeon Overview and Level Annotations

Branches:
Dungeon (3/15)

Altars:
Zin

Annotations:
D:2 Grinder


Innate Abilities, Weirdness & Mutations

You have a pair of small antennae on your head.
You regenerate health from kills.


Message History

Unknown command.
Unknown command.
Casting: Sandblast
Confirm with . or Enter, or press ? or * to list all spells.
Aiming: Sandblast
Press: ? - help, Shift-Dir - straight line, f - orc priest
Aim: an orc priest, wielding a war axe and wearing a leather armour (heavily wounded)
The rocky blast hits the orc priest.
The orc priest is severely wounded.
Grinder gestures at you.
You suddenly lose the ability to move!
The orc priest hits you but does no damage.
Grinder hits you.
* * * LOW HITPOINT WARNING * * *
You writhe in agony.
* * * LOW HITPOINT WARNING * * *
Grinder hits you.
* * * LOW HITPOINT WARNING * * *
You writhe in agony.
You die...

#.......#.# #...#.# ##.....#
##....#....# #)##..# ##.......
##.#....#..#####.....####........
+.......................'........
##.#...###.#####.#...####.....<..
##.........# #.##.## ##...>...
#####.##### #.#### ##.....# #.#
#5# ##...## #.# #@# ##+## #.# #o#
#.# #.# #.# #.### ### #.# #.#
##.#.. #.####.# ##.###### ##....#
.......# #.......#####.....#
...##### ##(####............ .#.#
### #########.#.# ...# #.#.#


You could see Grinder and an orc priest.

Vanquished Creatures
  Natasha (D:2)
  4 adders (D:2)
  6 giant geckos (D:1)
  An orc (D:2)
  2 giant cockroaches
  6 hobgoblins (D:1)
  7 jackals
  A quokka (D:3)
  2 bats (D:1)
  4 giant newts
  6 goblins
  A kobold (D:2)
  14 rats
55 creatures vanquished.

Notes
Turn   | Place    | Note
--------------------------------------------------------------
     0 | D:1      | cluie the Demonspawn Earth Elementalist began the quest for the Orb.
     0 | D:1      | Reached XP level 1. HP: 13/13 MP: 3/3
   228 | D:1      | Gained mutation: You regenerate a little health from kills. [demonic ancestry]
   228 | D:1      | Reached XP level 2. HP: 20/20 MP: 1/5
   229 | D:1      | Reached skill level 1 in Fighting
   232 | D:1      | oh wow
   232 | D:1      | pbd first try
   232 | D:1      | now i just hope i dont get antennae/horns
   326 | D:1      | Reached skill level 3 in Earth Magic
   515 | D:1      | Gained mutation: You have a pair of small antennae on your head. [demonic ancestry]
   515 | D:1      | Reached XP level 3. HP: 11/26 MP: 6/6
  1034 | D:2      | Gained mutation: You regenerate health from kills. [demonic ancestry]
  1034 | D:2      | Reached XP level 4. HP: 22/32 MP: 7/7
  1072 | D:2      | Learned a level 3 spell: Stone Arrow
  1075 | D:2      | Learned a level 2 spell: Stoneskin
  1639 | D:2      | Found a glowing silver altar of Zin.
  1926 | D:3      | Noticed Natasha
  1928 | D:3      | Noticed Grinder
  1941 | D:2      | Killed Natasha
  1946 | D:2      | Reached skill level 1 in Conjurations
  1961 | D:2      | Paralysed by Grinder for 4 turns
  1963 | D:2      | Slain by Grinder

Vault maps used:
D:1:      dpeg_arrival_stonehenge_8_columns
D:2:      lemuel_crystal_altar
D:3:      lemuel_crystal_altar, first_bread, amalloy_card_club, uniq_grinder,
          uniq_robin, uniq_terence, uniq_natasha

Action                   |  1- 3 |  4- 6 || total
-------------------------+-------+-------++-------
Melee: Unarmed           |    41 |       ||    41
       Mace              |    52 |       ||    52
       Long sword        |    15 |    53 ||    68
 Cast: Sandblast         |    28 |    10 ||    38
 Stab: Distracted        |     1 |       ||     1
       Sleeping          |     3 |     3 ||     6
  Eat: Chunk             |     1 |     3 ||     4
